 Zot Defence DCSS version 0.14-a0-2091-gca92d1a (webtiles) character file.

5506 BluebellGnoll the Archer (level 10, -5/65 (68) HPs)
             Began as a High Elf Hunter on Jan 25, 2014.
             Was a Follower of Vehumet.
             Slain by a redback (15 damage)
             ... in the Realm of Zot (Scenario IV: Columnade).
             The game lasted 00:33:25 (1742 turns).

BluebellGnoll the Archer (High Elf Hunter)          Turns: 1742, Time: 00:33:25

HP  -5/65 (68)   AC  3     Str 10 (11) XL: 10   Next: 42%
MP  14/22        EV 16     Int 18      God: Vehumet [*.....]
Gold 0           SH  0     Dex 17      Spells:  1 memorised, 14 levels left

rFire  . . .     SeeInvis .     b - +1 elf bow
rCold  . . .     Clarity  .     d - +0 elf leather armour
rNeg   . . .     Conserve .     (no shield)
rPois  .         rCorr    .     (no helmet)
rElec  .         rRot     .     (no cloak)
SustAb . .       Spirit   .     (no gloves)
rMut   .         Warding  .     (no boots)
Saprov . . .     Stasis   .     (no amulet)
MR     +....                    (no ring)
                                (no ring)

@: very slightly contaminated, somewhat resistant to hostile enchantments,
unstealthy
A: no striking features
a: Make dart trap, Make oklob sapling, Make arrow trap, Make plant, Remove
Curse, Make burning bush, Make altar, Make grenades, Make oklob plant, Make net
trap, Make ice statue, Make spear trap, Renounce Religion


You were in the Realm of Zot.
You worshipped Vehumet.
Vehumet was aware of your devotion.
You were not hungry.

You visited 1 branch

Inventory:

Hand weapons
 a - a +0,+0 elven short sword
 b - a +1,+1 elven bow (weapon)
 n - a +2,+1 whip of freezing
 o - a +0,+1 dagger of distortion
Missiles
 c - 48 arrows (quivered)
 l - 31 darts
Armour
 d - a +0 elven leather armour (worn)
 p - a -1 robe of magic resistance
Magical devices
 m - a wand of frost (14)
Comestibles
 f - a bread ration
Scrolls
 k - a scroll of blinking
Potions
 e - 3 potions of curing
 g - a potion of heal wounds
 h - a potion of speed
 i - 2 potions of magic
 j - a potion of berserk rage


   Skills:
 * Level 6.2 Fighting
 + Level 4.6 Short Blades
 - Level 10.2 Bows
 + Level 7.7 Throwing
 + Level 3.4 Armour
 * Level 7.7 Dodging
 - Level 1.1 Stealth
 * Level 3.0 Spellcasting
 * Level 3.4 Conjurations
 * Level 2.2 Poison Magic


You had 14 spell levels left.
You knew the following spells:

 Your Spells              Type           Power        Failure   Level  Hunger
a - Sting                 Conj/Pois      ##..         6%          1    None


Dungeon Overview and Level Annotations

Branches:
    Zot (1/1)

Altars:
Vehumet


Message History

Press: ? - help, Shift-Dir - straight line, f/p - wolf spider
Aim: a wolf spider (severely wounded, poisoned)
You shoot an arrow. The arrow misses the wolf spider.
The arrow hits the redback.
The redback is moderately wounded.
Your burning bush throws fire at the wolf spider.
The puff of flame hits the wolf spider.
Your burning bush throws fire at the wolf spider.
The puff of flame hits the wolf spider.
The wolf spider dies!
Your Spellcasting skill increases to level 3!
Casting: Sting
Confirm with . or Enter, or press ? or * to list all spells.
Aiming: Sting
Press: ? - help, Shift-Dir - straight line, f - redback
Aim: a redback (moderately wounded)
You miscast Sting.
You are very lightly contaminated with residual magic.
Nothing appears to happen.
The redback bites you!
You die...

▓▓...▓▓ ▓▓...▓▓ ▓▓...▓▓ ▓▓.S.▓▓
▓▓...▓▓▓▓▓▓▓▓▓...▓▓
▓▓...▓▓▓▓...▓▓▓▓...▓▓
▓▓...▓▓▓▓P...P▓▓▓▓%..▓▓
▓..)▓▓▓▓.....%(▓▓▓▓)..▓
▓...^^%%......(..^^.(.▓
▓▓...%^(%%...s...s^....▓▓
▓▓▓▓▓▓▓▓▓▓[^^^^@^^^^%▓▓▓▓▓▓▓▓▓▓
▓∆|)▓▓ ▓.[...[..%).▓ ▓▓}=∆▓
▓}})▓ ▓▓.%.....%.▓▓ ▓))|▓ ▓▓▓▓▓
▓▓PP...PP▓▓ ▓▓▓▓▓ ▓▓▓▓▓▓▓▓▓


You could see a wolf spider, a redback, 2 friendly oklob plants, 2 friendly
burning bushes and 2 friendly oklob saplings.

Vanquished Creatures
  A wolf spider (Zot)
  A hungry ghost (Zot)
  A water moccasin (Zot)
  2 giant frogs (Zot)
  A wight (Zot)
  A hound (Zot)
  5 orc wizards (Zot)
  2 adders (Zot)
  2 gnolls (Zot)
  A giant eyeball (Zot)
  4 oozes (Zot)
  2 orcs (Zot)
  3 bats (Zot)
  7 goblins (Zot)
  2 hobgoblins (Zot)
  6 kobolds (Zot)
  2 quokkas (Zot)
  A giant gecko (Zot)
  2 jackals (Zot)
  3 rats (Zot)
49 creatures vanquished.

Vanquished Creatures (collateral kills)
  Pikel (Zot)
  2 wolf spiders (Zot)
  Psyche (Zot)
  A redback (Zot)
  Edmund (Zot)
  A necrophage (Zot)
  A phantom (Zot)
  3 black bears (Zot)
  Duvessa (Zot)
  A giant slug (Zot)
  2 giant frogs (Zot)
  3 water moccasins (Zot)
  2 crimson imps (Zot)
  3 hounds (Zot)
  A worker ant (Zot)
  2 gnoll shamans (Zot)
  2 sheep (Zot)
  Ijyb (Zot)
  12 adders (Zot)
  2 gnolls (Zot)
  2 giant mites (Zot)
  3 worms (Zot)
  2 oozes (Zot)
  2 orcs (Zot)
  4 ball pythons (Zot)
  2 bats (Zot)
  A giant cockroach (Zot)
  9 goblins (Zot)
  9 hobgoblins (Zot)
  5 jackals (Zot)
  2 giant newts (Zot)
  3 kobolds (Zot)
  2 rats (Zot)
89 creatures vanquished.

Vanquished Creatures (others)
  A scorpion (Zot)
  A gnoll (Zot)
  An ooze (Zot)
  An orc (Zot)
  2 ball pythons (Zot)
  2 hobgoblins (Zot)
  2 jackals (Zot)
  6 giant newts (Zot)
  13 goblins (Zot)
  2 kobolds (Zot)
  10 rats (Zot)
41 creatures vanquished.

Grand Total: 179 creatures vanquished

Notes
Turn   | Place    | Note
--------------------------------------------------------------
     0 | Zot      | BluebellGnoll, the High Elf Hunter, began the quest for the Orb.
     0 | Zot      | Reached XP level 1. HP: 13/13 MP: 2/2
   276 | Zot      | Reached XP level 2. HP: 18/18 MP: 3/3
   287 | Zot      | Reached skill level 6 in Bows
   308 | Zot      | Reached XP level 3. HP: 16/23 MP: 5/5
   386 | Zot      | Noticed Freat
   408 | Zot      | Killed Freat the phantom
   408 | Zot      | Reached skill level 8 in Bows
   408 | Zot      | Reached skill level 1 in Throwing
   408 | Zot      | Reached skill level 1 in Armour
   408 | Zot      | Reached XP level 4. HP: 4/28 MP: 7/7
   408 | Zot      | Reached XP level 5. HP: 4/33 MP: 8/8
   499 | Zot      | Noticed Uvecalua
   503 | Zot      | Killed Uvecalua the hungry ghost
   503 | Zot      | Reached skill level 1 in Short Blades
   503 | Zot      | Reached skill level 9 in Bows
   503 | Zot      | Reached XP level 6. HP: 12/35 MP: 10/10
   519 | Zot      | Became a worshipper of Vehumet
   543 | Zot      | Reached XP level 7. HP: 18/40 MP: 12/12
   565 | Zot      | Reached skill level 10 in Bows
   885 | Zot      | Noticed Pikel
   889 | Zot      | Killed Pikel
   889 | Zot      | Reached skill level 5 in Dodging
   889 | Zot      | Reached XP level 8. HP: 48/51 MP: 13/13
  1151 | Zot      | Reached skill level 5 in Throwing
  1162 | Zot      | Reached XP level 9. HP: 56/56 MP: 15/15
  1188 | Zot      | Noticed Edmund
  1196 | Zot      | Killed Edmund
  1287 | Zot      | Noticed Duvessa
  1290 | Zot      | Killed Duvessa
  1366 | Zot      | Reached skill level 5 in Fighting
  1479 | Zot      | Acquired Vehumet's first power
  1479 | Zot      | Offered knowledge of Sting by Vehumet.
  1496 | Zot      | Learned a level 1 spell: Sting
  1581 | Zot      | Reached skill level 1 in Conjurations
  1588 | Zot      | Noticed Ijyb
  1594 | Zot      | Killed Ijyb
  1628 | Zot      | Reached skill level 1 in Spellcasting
  1628 | Zot      | Reached skill level 1 in Poison Magic
  1665 | Zot      | Noticed Psyche
  1679 | Zot      | Killed Psyche
  1725 | Zot      | Reached XP level 10. HP: 17/64 MP: 16/20
  1726 | Zot      | Noticed a wolf spider
  1728 | Zot      | Killed a wolf spider
  1733 | Zot      | Noticed a wolf spider
  1736 | Zot      | Noticed a wolf spider
  1737 | Zot      | Killed a wolf spider
  1741 | Zot      | Noticed a wolf spider
  1741 | Zot      | Killed a wolf spider
  1742 | Zot      | Slain by a redback

Action                   |  1- 3 |  4- 6 |  7- 9 | 10-12 || total
-------------------------+-------+-------+-------+-------++-------
Melee: Short sword       |    15 |       |       |       ||    15
 Fire: Bow               |    29 |    14 |    84 |     8 ||   135
Throw: Dart              |     8 |       |    37 |       ||    45
 Cast: Sting             |       |       |     8 |     4 ||    12
 Abil: Make dart trap    |    10 |       |       |       ||    10
       Make oklob saplin |     1 |     1 |       |       ||     2
       Make arrow trap   |       |     2 |     2 |       ||     4
       Make altar        |       |     1 |       |       ||     1
       Make burning bush |       |       |     2 |       ||     2
       Make oklob plant  |       |       |     2 |       ||     2
       Remove Curse      |       |       |     1 |       ||     1
